 Dungeon Crawl Stone Soup version 0.31-a0-161-gb58dd9be76 (webtiles) character file.

Game seed: 12118024074650826315

152 qw the Shooter (level 5, -2/49 HPs)
             Began as a Naga Hunter on June 12, 2023.
             Shot with an arrow by a centaur (3 damage)
             ... on level 6 of the Dungeon.
             The game lasted 00:00:58 (2748 turns).

qw the Shooter (Naga Hunter)                        Turns: 2748, Time: 00:00:58

Health: -2/49      AC: 11    Str: 13    XL:     5   Next: 34%
Magic:  5/5        EV:  6    Int: 10    God:
Gold:   188        SH:  0    Dex: 16    Spells: 4/4 levels left

rFire   . . .        Y - +0 shortbow (drain)
rCold   . . .        (shield currently unavailable)
rNeg    . . .        h - +2 ring mail {Will+}
rPois   +            (no helmet)
rElec   .            g - +0 cloak
rCorr   .            (no gloves)
SInv    +            a - +0 barding
Will    +....        d - amulet of the acrobat
Stlth   +            (no ring)
HPRegen 0.28/turn    (no ring)
MPRegen 0.09/turn

%: acrobat
@: about to teleport, short of breath, very slow
A: AC +1, large, see invisible, deformed body, poison resistance, slowness 2,
spit poison 1, naga tail 1
a: Spit Poison


You were on level 6 of the Dungeon.
You visited 1 branch of the dungeon, and saw 6 of its levels.

You collected 229 gold pieces.
You spent 41 gold pieces at shops.


Innate Abilities, Weirdness & Mutations

Your serpentine skin is tough. (AC +1)
You have supernaturally acute eyesight. (SInv)
Armour fits poorly on your strangely shaped body.
Your system is resistant to poisons. (rPois)
You cover ground very slowly.
You can spit poison.
You have a snake-like lower body.


   Skills:
 - Level 3.0 Fighting
 + Level 5.3 Ranged Weapons
 - Level 1.0 Armour
 - Level 1.5 Dodging
 - Level 1.5 Stealth


You had 4 spell levels left.
You didn't know any spells.
Your spell library was empty.

Inventory:

Hand Weapons
 Y - a +0 shortbow of draining (weapon)
Armour
 a - a +0 barding (worn)
 g - a +0 cloak (worn)
 h - a +2 ring mail of willpower (worn)
Jewellery
 d - an amulet of the acrobat (around neck)
Scrolls
 f - a scroll of identify
Potions
 c - a potion of curing
 j - a potion of might {unknown}
 m - a potion of berserk rage {unknown}

Dungeon Overview and Level Annotations

Branches:
Dungeon (7/15)
 Temple: D:4-7

Altars:

Shops:
D:1 !*(*:


Message History

You shoot an arrow. The arrow closely misses the iguana.
The ufetubus hits you but does no damage.
The ufetubus hits you.
The iguana bites you but does no damage.
The centaur shoots an arrow.
The arrow hits you. The ufetubus barely misses you.
The ufetubus hits you but does no damage.
The iguana bites you but does no damage.
The centaur shoots an arrow.
The arrow hits you.
You shoot an arrow. The arrow completely misses the iguana.
You have got your breath back.
The ufetubus hits you but does no damage. x2
The centaur shoots an arrow.
The arrow barely misses you.
The iguana bites you but does no damage.
The ufetubus hits you but does no damage. x2
2745 ||| INVOKING Spit Poison.
Aiming: Spit Poison (1% risk of failure)
Press: ? - help, Shift-Dir - straight line, f/p - iguana The splash of poison hits the iguana!
The iguana is poisoned.
The iguana is almost dead.
You kill the iguana!
The centaur shoots an arrow.
The arrow hits you! The ufetubus hits you.
The ufetubus hits you but does no damage.
The centaur shoots an arrow.
The arrow hits you but does no damage.
You shoot an arrow. The arrow misses the ufetubus.
The ufetubus barely misses you.
The ufetubus hits you but does no damage.
The centaur shoots an arrow.
The arrow barely misses you.
The ufetubus hits you but does no damage.
The ufetubus hits you.
The centaur shoots an arrow.
The arrow hits you.
You shoot an arrow. The arrow misses the ufetubus.
The ufetubus hits you but does no damage. x2
The centaur shoots an arrow.
The arrow hits you. The ufetubus closely misses you. The ufetubus hits you.
The centaur shoots an arrow.
The arrow hits you!
2748 ||| READING scroll of teleportation.
As you read the scroll of teleportation, it crumbles to dust.
You feel strangely unstable.
The ufetubus hits you but does no damage. x2
The centaur shoots an arrow.
The arrow hits you.
You die...

#. #. .###
###>##.##...#
............#
#.8.....8..#
.#.!........#
............#
.#.....5....#
......)@....#
.#.........##
#.8.....8c#
........)..#
#..........#
############


You could see a centaur and an ufetubus.

Vanquished Creatures
  An iguana (D:6)
  5 adders
  A river rat (D:3)
  A dart slug (D:3)
  4 orcs (D:3)
  8 ball pythons
  2 endoplasms
  4 giant cockroaches
  8 goblins
  6 hobgoblins
  5 quokkas
  5 bats
  3 frilled lizards
  6 kobolds
  6 rats
65 creatures vanquished.

Vanquished Creatures (others)
  An orc (D:6)
1 creature vanquished.

Grand Total: 66 creatures vanquished

Notes
Turn   | Place    | Note
-------+----------+-------------------------------------------
     0 | D:1      | qw the Naga Hunter began the quest for the Orb.
     0 | D:1      | Reached XP level 1. HP: 19/19 MP: 1/1
     0 | D:1      | 0 ||| qw: Version: 0.2-a-29-gc1b59c4
     0 | D:1      | 0 ||| qw: Game counter: 4178
     0 | D:1      | 0 ||| qw: Always use a shield: true
     0 | D:1      | 0 ||| qw: God list: Okawaru
     0 | D:1      | 0 ||| qw: Allow faded altars: false
     0 | D:1      | 0 ||| qw: Do Orc after D:15 true
     0 | D:1      | 0 ||| qw: Do second Lair branch before Depths: true
     0 | D:1      | 0 ||| qw: Lair rune preference: random
     0 | D:1      | 0 ||| qw: Plans: Normal
     0 | D:1      | 0 ||| PLANNING D:1-11
    38 | D:1      | Found Qusosab's Weapon Shop.
    43 | D:1      | 43 ||| INVOKING Spit Poison.
    47 | D:1      | 47 ||| SHOPLISTING +9 sling of Bor Pirr {antimagic, rN+
                  | Will+} (663 gold, have 0).
    48 | D:1      | 48 ||| INVOKING Spit Poison.
    56 | D:1      | Found Agiurem's Distillery.
    85 | D:1      | 85 ||| SHOPLISTING potion of curing (36 gold, have 11).
    85 | D:1      | 85 ||| SHOPLISTING potion of haste (120 gold, have 11).
    85 | D:1      | 85 ||| SHOPLISTING potion of heal wounds (60 gold, have
                  | 11).
    85 | D:1      | 85 ||| SHOPLISTING potion of mutation (96 gold, have 11).
   119 | D:1      | Found Vyosy's General Store.
   123 | D:1      | 123 ||| INVOKING Spit Poison.
   125 | D:1      | 125 ||| SHOPLISTING potion of mutation (80 gold, have 24).
   125 | D:1      | 125 ||| BUYING scroll of identify (20 gold).
   125 | D:1      | Bought a scroll of identify for 20 gold pieces
   125 | D:1      | 125 ||| SHOPLISTING scroll of identify (20 gold, have 4).
   170 | D:1      | 170 ||| INVOKING Spit Poison.
   171 | D:1      | Reached skill level 4 in Ranged Weapons
   171 | D:1      | Reached XP level 2. HP: 26/26 MP: 2/2
   178 | D:1      | 178 ||| INVOKING Spit Poison.
   225 | D:1      | 225 ||| INVOKING Spit Poison.
   233 | D:1      | Found Enguum's Assorted Antiques.
   239 | D:1      | 239 ||| BUYING dark potion (21 gold).
   239 | D:1      | Bought a dark potion for 21 gold pieces
   239 | D:1      | 239 ||| SHOPLISTING dark potion (21 gold, have 10).
   239 | D:1      | 239 ||| SHOPLISTING scroll of identify (48 gold, have 10).
   239 | D:1      | 239 ||| SHOPLISTING smoky brown potion (21 gold, have 10).
   248 | D:1      | 248 ||| INVOKING Spit Poison.
   305 | D:1      | 305 ||| INVOKING Spit Poison.
   348 | D:1      | 348 ||| INVOKING Spit Poison.
   362 | D:1      | Noticed a walking frostbound tome
   364 | D:1      | Found Ogumeb Quy's Book Emporium.
   365 | D:1      | 365 ||| INVOKING Spit Poison.
   367 | D:1      | Noticed a walking frostbound tome
   414 | D:1      | 414 ||| INVOKING Spit Poison.
   415 | D:1      | 415 ||| INVOKING Spit Poison.
   474 | D:1      | 474 ||| INVOKING Spit Poison.
   580 | D:1      | 580 ||| UPGRADING to +2 ring mail of willpower.
   590 | D:1      | 590 ||| DROPPING +0 leather armour.
   591 | D:1      | 591 ||| READING scroll labelled BOWAAKUBEP.
   592 | D:1      | 592 ||| READING scroll labelled NUSHOOCSAREF.
   693 | D:1      | 693 ||| READING scroll labelled TOHOUTT UNLIME.
   694 | D:1      | 694 ||| DROPPING scroll of butterflies.
   719 | D:2      | 719 ||| INVOKING Spit Poison.
   723 | D:2      | 723 ||| INVOKING Spit Poison.
   727 | D:2      | 727 ||| STAIRDANCE
   729 | D:1      | 729 ||| INVOKING Spit Poison.
   903 | D:2      | 903 ||| INVOKING Spit Poison.
   909 | D:2      | 909 ||| READING 2 scrolls of identify.
   909 | D:2      | 909 ||| IDENTIFYING dark potion
   910 | D:2      | 910 ||| DROPPING potion of lignification.
   924 | D:2      | 924 ||| INVOKING Spit Poison.
   927 | D:2      | Reached XP level 3. HP: 32/32 MP: 3/3
   929 | D:2      | 929 ||| INVOKING Spit Poison.
  1022 | D:2      | 1022 ||| INVOKING Spit Poison.
  1281 | D:2      | 1281 ||| INVOKING Spit Poison.
  1596 | D:2      | 1596 ||| UPGRADING to +0 barding.
  1601 | D:2      | 1601 ||| INVOKING Spit Poison.
  1740 | D:2      | 1740 ||| READING 4 scrolls of identify.
  1740 | D:2      | 1740 ||| IDENTIFYING bubbling silvery potion
  1741 | D:2      | 1741 ||| DROPPING potion of ambrosia.
  1793 | D:3      | 1793 ||| PLANNING SEWER
  1795 | D:3      | 1795 ||| INVOKING Spit Poison.
  1805 | D:3      | 1805 ||| INVOKING Spit Poison.
  1821 | D:3      | 1821 ||| INVOKING Spit Poison.
  1825 | D:3      | 1825 ||| INVOKING Spit Poison.
  1830 | D:3      | 1830 ||| INVOKING Spit Poison.
  1853 | D:3      | 1853 ||| INVOKING Spit Poison.
  1857 | D:3      | Reached skill level 1 in Armour
  1927 | D:3      | 1927 ||| INVOKING Spit Poison.
  1930 | D:3      | 1930 ||| INVOKING Spit Poison.
  1931 | D:3      | Reached XP level 4. HP: 39/39 MP: 4/4
  1935 | D:3      | 1935 ||| INVOKING Spit Poison.
  1939 | D:3      | 1939 ||| INVOKING Spit Poison.
  2009 | D:3      | 2009 ||| INVOKING Spit Poison.
  2013 | D:3      | 2013 ||| INVOKING Spit Poison.
  2017 | D:3      | 2017 ||| INVOKING Spit Poison.
  2020 | D:3      | 2020 ||| INVOKING Spit Poison.
  2101 | D:3      | Found a faded altar of an unknown god.
  2134 | D:3      | 2134 ||| INVOKING Spit Poison.
  2192 | D:3      | 2192 ||| INVOKING Spit Poison.
  2240 | D:3      | 2240 ||| INVOKING Spit Poison.
  2243 | D:3      | Reached skill level 5 in Ranged Weapons
  2245 | D:3      | 2245 ||| INVOKING Spit Poison.
  2249 | D:3      | 2249 ||| INVOKING Spit Poison.
  2253 | D:3      | 2253 ||| INVOKING Spit Poison.
  2258 | D:3      | 2258 ||| INVOKING Spit Poison.
  2264 | D:3      | 2264 ||| INVOKING Spit Poison.
  2367 | D:3      | 2367 ||| RIP SEWER
  2368 | D:3      | 2368 ||| PLANNING D:1-11
  2396 | D:3      | 2396 ||| INVOKING Spit Poison.
  2402 | D:3      | 2402 ||| INVOKING Spit Poison.
  2407 | D:3      | 2407 ||| INVOKING Spit Poison.
  2410 | D:3      | 2410 ||| INVOKING Spit Poison.
  2414 | D:3      | 2414 ||| INVOKING Spit Poison.
  2576 | D:3      | 2576 ||| INVOKING Spit Poison.
  2585 | D:3      | 2585 ||| UPGRADING to +0 cloak.
  2590 | D:3      | 2590 ||| UPGRADING to amulet of the acrobat.
  2595 | D:3      | 2595 ||| DROPPING ring of flight.
  2596 | D:3      | 2596 ||| READING scroll labelled GEGREV WYNK.
  2597 | D:3      | 2597 ||| READING scroll labelled QOLIACSI COUX.
  2602 | D:3      | 2602 ||| READING scroll labelled QETIZAPEZE.
  2603 | D:3      | 2603 ||| READING scroll labelled KOTIRI NEOSOQO.
  2604 | D:3      | 2604 ||| READING 3 scrolls of identify.
  2604 | D:3      | 2604 ||| IDENTIFYING golden potion
  2605 | D:3      | 2605 ||| READING 2 scrolls of identify.
  2605 | D:3      | 2605 ||| IDENTIFYING bubbling clear potion
  2606 | D:3      | 2606 ||| DROPPING potion of enlightenment.
  2624 | D:4      | 2624 ||| INVOKING Spit Poison.
  2664 | D:4      | 2664 ||| INVOKING Spit Poison.
  2670 | D:4      | Reached skill level 3 in Fighting
  2670 | D:4      | Reached XP level 5. HP: 49/49 MP: 5/5
  2670 | D:4      | 2670 ||| INVOKING Spit Poison.
  2733 | D:4      | You fall into a shaft and drop 3 floors!
  2738 | D:6      | Noticed a centaur
  2739 | D:6      | 2739 ||| INVOKING Spit Poison.
  2745 | D:6      | 2745 ||| INVOKING Spit Poison.
  2747 | D:6      | HP: 9/49 [centaur/arrow (6)]
  2747 | D:6      | HP: 1/49 [centaur/arrow (7)]
  2748 | D:6      | 2748 ||| READING scroll of teleportation.
  2748 | D:6      | Shot with an arrow by a centaur

Levels and vault maps discovered:
D:1:      psy_arrival_terrarium, layout_loops_ring, serial_shops,
          nicolae_shop_mannequins, nicolae_shop_advertising_works
          [nicolae_subvault_shop_adworks],
          nicolae_shop_competitors_out_of_business, shop_fountains, shop
D:2:      layout_basic, serial_co_window_serial, co_window_corner_a,
          co_window_corner_a, co_window_paths_a, co_window_corner_a,
          co_window_corner_a, co_window_corner_cb, co_window_corner_b,
          co_window_corner_b, co_window_corner_b, co_window_cross_4,
          co_window_corner_b, glass_columns_a, glass_columns_a, glass_columns_a,
          hangedman_glass_teeth
D:3:      layout_loops_ring, portal_sewer_entry_b,
          hellmonk_ecumenical_altar_defaced_shrine, st_stairs_2, minivault_24,
          minmay_fountain_box, minmay_misc_feat_chi, palyth_stone_intersect,
          minmay_misc_feat_five, minmay_randomly_rotated_circles
D:4:      layout_layer_cave, xom_teletrap_fun, minmay_temple_entry_wispy,
          kennysheep_generic_room_13
D:6:      layout_loops_cross, serial_shops, nicolae_shop_tiny_real_fake_doors,
          serial_park_tiny_2, hex_medium, st_stairs_1, uniq_sigmund
D:7:      layout_loops_ring, hellmonk_okawaru_the_only_friend_you_need,
          uniq_maggie, uniq_menkaure

Skill      XL: |  1  2  3  4 |
---------------+-------------+-----
Ranged Weapons | 4 5 |  5.3
Armour         | 1 |  1.0
Fighting       | 3 |  3.0
Dodging        | |  1.5
Stealth        | |  1.5

Action                     |  1- 3 |  4- 6 || total
---------------------------+-------+-------++-------
   Fire: Shortbow          |    54 |    71 ||   125
Ability: Spit Poison       |    29 |    25 ||    54
    Use: Scroll            |     5 |     7 ||    12
 Armour: Ring mail         |    24 |    88 ||   112
  Dodge: Dodged            |     5 |    38 ||    43

Table legend:
 A = Non-vault XP
 B = Vault XP
 C = Vault XP percentage of total XP
 D = Non-vault monster count
 E = Vault monster count
 F = Vault count percentage of total count
                 A         B        C        D         E       F
            +---------+---------+-------+---------+---------+-------
      Total |     139 |      79 |  36.2 |      47 |      18 |  27.7
            +---------+---------+-------+---------+---------+-------
        D:1 |      28 |       0 |   0.0 |      16 |       0 |   0.0
        D:2 |      24 |       0 |   0.0 |      14 |       0 |   0.0
        D:3 |      46 |      42 |  47.7 |      13 |      17 |  56.7
        D:4 |      41 |       0 |   0.0 |       4 |       0 |   0.0
        D:6 |       0 |      37 | 100.0 |       0 |       1 | 100.0
            +---------+---------+-------+---------+---------+-------
